 Dungeon Crawl Stone Soup version 0.27.0-1-g7a08968 (webtiles) character file.

Game seed: 5626376268453498155

19 NeededCrab the Insei (level 2, 0/18 HPs)
             Began as an Octopode Transmuter on Oct 14, 2021.
             Slain by a hobgoblin (1 damage)
             ... on level 1 of the Dungeon.
             The game lasted 00:01:45 (514 turns).

NeededCrab the Insei (Octopode Transmuter)           Turns: 514, Time: 00:01:46

Health: 0/18       AC:  1    Str:  9    XL:     2   Next: 75%
Magic:  4/5        EV: 13    Int: 15    God:
Gold:   0          SH:  0    Dex: 12    Spells: 4/5 levels left

rFire    . . .     SeeInvis .     - Unarmed
rCold    . . .     Faith    .   (no shield)
rNeg     . . .     Spirit   .   (helmet restricted)
rPois    .         Reflect  .   (no amulet)
rElec    .         Harm     .   (no ring)
rCorr    .         Rampage  .   (no ring)
Will     .....                  (no ring)
Stlth    ++........             (no ring)
HPRegen  0.06/turn              (no ring)
MPRegen  0.09/turn              (no ring)
                                (no ring)
                                (no ring)

@: very slightly contaminated
A: almost no armour, amphibious, 8 rings, camouflage 1, gelatinous body 1,
(nimble swimmer 1), tentacles
a: no special abilities


You were on level 1 of the Dungeon.
You visited 1 branch of the dungeon, and saw 1 of its levels.

Inventory:

Scrolls
 a - a scroll of noise {unknown}


   Skills:
 - Level 1.0 Fighting
 - Level 2.0 Dodging
 * Level 3.3 Unarmed Combat
 + Level 2.1 Spellcasting
 * Level 2.4 Transmutations
 + Level 1.0 Poison Magic


You had 4 spell levels left.
You knew the following spells:

 Your Spells              Type           Power      Damage    Failure   Level
a - Beastly Appendage     Tmut           18%        N/A       8%          1

Your spell library contained the following spells:

 Spells                   Type           Power      Damage    Failure   Level
 Wereblood                Tmut           9%         N/A       12%         2
 Spider Form              Tmut/Pois      3%         N/A       32%         3
 Ice Form                 Ice/Tmut       5%         N/A       78%         4


Dungeon Overview and Level Annotations

Branches:
Dungeon (1/15)

Altars:


Innate Abilities, Weirdness & Mutations

You cannot wear most types of armour.
You are amphibious.
You can wear up to eight rings at the same time.
Your skin changes colour to match your surroundings (Stealth+).
Your rubbery body absorbs attacks. (AC +1, EV +1)
((You are camouflaged near water. (Stealth+)))
You have tentacles for arms and can constrict up to eight enemies at once.


Message History

You tentacle-slap the goblin. Your grab misses the goblin.
You squeeze the goblin.
You kill the goblin!
Your Poison Magic skill increases to level 1!
Your tentacle spike disappears.
A bat comes into view.
The bat moves out of view.
The bat barely misses you. The bat closely misses you.
The bat barely misses you. The bat hits you but does no damage.
The bat barely misses you. The bat hits you but does no damage.
The bat hits you but does no damage. The bat closely misses you.
The bat hits you.
* * * LOW HITPOINT WARNING * * *
The bat hits you.
* * * LOW HITPOINT WARNING * * *
The bat closely misses you. The bat closely misses you.
The bat barely misses you. The bat closely misses you. The bat hits you.
* * * LOW HITPOINT WARNING * * *
The bat closely misses you. The bat hits you but does no damage.
You see here a +0 dagger.
The bat hits you.
* * * LOW HITPOINT WARNING * * *
Casting: Beastly Appendage (safe; 9% risk of failure)
Confirm with . or Enter, or press ? or * to list all spells.
You miscast Beastly Appendage.
You are very lightly contaminated with residual magic.
Nothing appears to happen.
The bat hits you.
* * * LOW HITPOINT WARNING * * *
You closely miss the bat. You grab the bat. You squeeze the bat.
You kill the bat!
You tentacle-slap the hobgoblin but do no damage.
Your grab misses the hobgoblin. The hobgoblin hits you.
You die...

#......................
#......################
#......# ###### ######
#######......###....####....#
#............##...)..##......
##.........)###..##..##..##..
###.........##..##..#....#..
#...#.###g##..##..#.<..#..
#..##..##@##..##..##..##..
#####..###........##......##..
#......# ####....####....####.
#......# #.#### ###### ##
#......############ #####
#.................#####...#
#......†..#######.........#
#.....##...#### ######....#
####.####.....## ##...#


You could see a hobgoblin.

Vanquished Creatures
  A dart slug (D:1)
  3 bats (D:1)
  An endoplasm (D:1)
  3 hobgoblins (D:1)
  A kobold (D:1)
  A quokka (D:1)
  4 goblins (D:1)
  A rat (D:1)
15 creatures vanquished.

Notes
Turn   | Place    | Note
-------+----------+-------------------------------------------
     0 | D:1      | NeededCrab the Octopode Transmuter began the quest for the
                  | Orb.
     0 | D:1      | Reached XP level 1. HP: 13/13 MP: 3/3
   158 | D:1      | Reached XP level 2. HP: 10/18 MP: 3/5
   456 | D:1      | Reached skill level 1 in Poison Magic
   514 | D:1      | Slain by a hobgoblin

Illustrated notes

Levels and vault maps discovered:
D:1:      minmay_arrival_wavy_path, layout_rooms, st_stairs_2

Skill      XL: |  1  2 |
---------------+-------+-----
Poison Magic   | 1 |  1.0
Fighting       | |  1.0
Dodging        | |  2.0
Unarmed Combat | |  3.3
Spellcasting   | |  2.1
Transmutations | |  2.4

Action                   || total
-------------------------++-------
Melee: Unarmed           ||    32
       Constrict         ||     7
       Kick              ||     6
       Tentacles         ||     8
 Cast: Beastly Appendage ||     8
 Stab: Sleeping          ||     1
Armor: Skin              ||     6
Dodge: Dodged            ||    23
